 Dungeon Crawl Stone Soup version 0.27-a0-1200-g94dc6ad4cf (webtiles) character file.

Game seed: 9840071818470066974

313510 Renjy the Spry (level 22, -15/155 HPs)
             Began as a Kobold Gladiator on May 29, 2021.
             Was a Believer of Uskayaw.
             Demolished by a tengu reaver
             ... wielding a +1 vorpal great mace
             ... led by Sojobo
              (29 damage)
             ... on level 3 of the Vaults on May 30, 2021.
             The game lasted 02:14:35 (47110 turns).

Renjy the Spry (Kobold Gladiator)                  Turns: 47110, Time: 02:14:36

Health: -15/155    AC: 21    Str: 35    XL:     22   Next: 67%
Magic:  25/35      EV: 34    Int: 12    God:    Uskayaw [**....]
Gold:   3904       SH:  8    Dex: 24    Spells: 14/31 levels left

rFire    + + +     SeeInvis .   M - +17 lance "Wyrmbane" {slay drac, rPois rF+ rC+ AC+3}
rCold    + + +     Faith    .   l - +1 buckler {rC+ rF+}
rNeg     . . .     Spirit   .   H - +4 troll leather armour
rPois    +         Reflect  .   Z - +0 hat "Bicudumo" {Fly Regen+ Int-3 Slay+5}
rElec    .         Harm     .   t - +2 cloak {Stlth+}
rCorr    .         Rampage  +   D - +2 pair of gloves "Opnamot" {rPois Int+3}
Will     +....                  p - +2 pair of boots {rampage}
Stlth    +++++++...             e - amulet of Vitality {Regen+ HP+15}
HPRegen  3.35/turn              a - ring of Zumevete {*Corrode rF++ Str+8 Dex+6 Stlth-}
MPRegen  0.24/turn              m - +6 ring of strength

@: marked, frozen, flying, very slow
A: small, no large weapons, nightstalker 3, clever 1, cold resistance 1, strong
1, MP-powered wands
}: 1/15 runes: gossamer
a: Renounce Religion, Stomp, Line Pass


You were on level 3 of the Vaults.
You worshipped Uskayaw.
Uskayaw was most pleased with you.
You visited 7 branches of the dungeon, and saw 35 of its levels.
You also visited: Sewer, Ossuary, Bailey and Gauntlet.

You collected 4508 gold pieces.
You spent 604 gold pieces at shops.

Inventory:

Hand Weapons
 d - the +7 pair of quick blades "Gyre" and "Gimble" {protect}
   (You found it in a Gauntlet)

   It grants its wielder temporary protection when it strikes (+7 to AC).
 o - a +9 spectral rapier
 M - the +17 lance "Wyrmbane" (weapon) {slay drac, rPois rF+ rC+ AC+3}
   (You took it off Maggie on level 7 of the Dungeon)

   It affects your AC (+3).
   It protects you from fire.
   It protects you from cold.
   It protects you from poison.
Missiles
 x - 18 atropa-tipped darts
 y - 6 throwing nets
 L - 12 curare-tipped darts (quivered)
Armour
 f - a +0 pair of gloves
 l - a +1 buckler of resistance (worn)
 p - a +2 pair of boots of rampaging (worn)
 t - a +2 cloak of stealth (worn)
 D - the +2 pair of gloves "Opnamot" (worn) {rPois Int+3}
   (You found it on level 2 of the Vaults)

   It affects your intelligence (+3).
   It protects you from poison.
 H - a +4 troll leather armour (worn)
 Z - the +0 hat "Bicudumo" (worn) {Fly Regen+ Int-3 Slay+5}
   (Okawaru gifted it to you on level 6 of the Lair of Beasts)

   It affects your intelligence (-3).
   It affects your accuracy and damage with ranged weapons and melee attacks
   (+5).
   It grants you flight.
   It increases your rate of health regeneration.
Jewellery
 a - the ring of Zumevete (left hand) {*Corrode rF++ Str+8 Dex+6 Stlth-}
   (You found it on level 15 of the Dungeon)

   [ring of dexterity]

   It affects your strength (+8).
   It affects your dexterity (+6).
   It greatly protects you from fire.
   It may corrode you when you take damage.
   It makes you less stealthy.
 e - the amulet of Vitality (around neck) {Regen+ HP+15}
   (You acquired it on level 4 of the Depths)

   [amulet of regeneration]

   It affects your health (+15).
   It increases your rate of health regeneration.
 h - a +4 ring of slaying
 m - a +6 ring of strength (right hand)
 r - the ring of the Philosopher {rElec rC+ Int+2}
   (You found it on level 1 of the Vaults)

   [ring of protection from cold]

   It affects your intelligence (+2).
   It protects you from cold.
   It insulates you from electricity.
 S - an amulet of reflection
Wands
 n - a wand of mindburst (8)
 B - a wand of flame (19)
 J - a wand of iceblast (56)
 K - a wand of polymorph (23)
 N - a wand of paralysis (7)
 W - a wand of digging (9)
Scrolls
 c - 2 scrolls of magic mapping
 i - a scroll of holy word
 s - 4 scrolls of fear
 u - 6 scrolls of vulnerability
 C - 4 scrolls of summoning
 E - 5 scrolls of teleportation
 G - 7 scrolls of amnesia
 O - 2 scrolls of silence
 T - 3 scrolls of torment
 U - 3 scrolls of blinking
 X - 6 scrolls of immolation
 Y - 3 scrolls of fog
Potions
 b - 4 potions of haste
 g - 6 potions of berserk rage
 j - 8 potions of lignification
 k - 13 potions of brilliance
 q - 2 potions of might
 v - 2 potions of magic
 w - 9 potions of heal wounds
 z - 4 potions of ambrosia
 A - 3 potions of attraction
 F - 17 potions of curing
 I - 4 potions of cancellation
 Q - 7 potions of mutation
 R - 3 potions of invisibility
 V - 9 potions of resistance
Miscellaneous
 P - a phantom mirror


   Skills:
 - Level 15.0 Fighting
 - Level 17.1 Short Blades
 - Level 9.1 Polearms
 - Level 10.0 Throwing
 - Level 6.2 Armour
 - Level 20.1 Dodging
 - Level 14.2 Stealth
 - Level 4.0 Shields
 + Level 5.1 Spellcasting
 + Level 5.2 Hexes
 + Level 5.2 Air Magic
 - Level 19.3 Invocations


You had 14 spell levels left.
You knew the following spells:

 Your Spells              Type           Power      Damage    Failure   Level
a - Silence               Hex/Air        7%         N/A       63%         5
b - Invisibility          Hex            15%        N/A       99%         6
c - Dazzling Flash        Conj/Hex       18%        N/A       26%         3
d - Swiftness             Air            15%        N/A       9%          3

Your spell library contained the following spells:

 Spells                   Type           Power      Damage    Failure   Level
 Corona                   Hex            16%        N/A       3%          1
 Shock                    Conj/Air       36%        1d5       9%          1
 Confusing Touch          Hex            15%        N/A       9%          3
 Tukima's Dance           Hex            15%        N/A       9%          3
 Ensorcelled Hibernation  Hex/Ice        18%        N/A       13%         2
 Poisonous Vapours        Pois/Air       18%        N/A       13%         2
 Static Discharge         Conj/Air       9%         N/A       13%         2
 Animate Skeleton         Necr           6%         N/A       26%         1
 Apportation              Tloc           6%         N/A       26%         1
 Magic Dart               Conj           12%        1d3       26%         1
 Pain                     Necr           12%        1d4       26%         1
 Sandblast                Erth           6%         2d5       26%         1
 Sting                    Tmut/Pois      12%        1d3       26%         1
 Airstrike                Air            7%         N/A       28%         4
 Passwall                 Tmut/Erth      2%         N/A       36%         2
 Searing Ray              Conj           6%         3d3       36%         2
 Mephitic Cloud           Conj/Pois/Air  7%         N/A       36%         3
 Call Canine Familiar     Summ           3%         N/A       58%         3
 Gell's Gravitas          Tloc           1%         N/A       58%         3
 Ignite Poison            Fire/Tmut/Pois 3%         N/A       58%         3
 Lesser Beckoning         Tloc           1%         N/A       58%         3
 Stone Arrow              Conj/Erth      6%         3d7       58%         3
 Vampiric Draining        Necr           1%         2d6       58%         3
 Fulminant Prism          Conj/Hex       4%         3d6       65%         4
 Animate Armour           Summ/Erth      6%         N/A       94%         4
 Animate Dead             Necr           1%         N/A       94%         4
 Iskenderun's Mystic Bla  Conj/Tloc      3%         2d3       94%         4
 Olgreb's Toxic Radiance  Pois           3%         N/A       94%         4
 Petrify                  Tmut/Erth      3%         N/A       94%         4
 Lightning Bolt           Conj/Air       4%         1d16      94%         5
 Metabolic Englaciation   Hex/Ice        4%         N/A       94%         5
 Yara's Violent Unravell  Hex/Tmut       4%         3d4       94%         5
 Agony                    Necr           3%         N/A       100%        5
 Alistair's Intoxication  Tmut/Pois      2%         N/A       100%        5
 Borgnjor's Vile Clutch   Necr/Erth      1%         N/A       100%        5
 Fireball                 Conj/Fire      1%         3d3       100%        5
 Irradiate                Conj/Tmut      1%         3d13      100%        5
 Lee's Rapid Deconstruct  Erth           1%         3d5*      100%        5
 Blade Hands              Tmut           1%         N/A       100%        6
 Conjure Ball Lightning   Conj/Air       4%         3x3d6     100%        6
 Death Channel            Necr           1%         N/A       100%        6
 Simulacrum               Ice/Necr       1%         N/A       100%        6
 Starburst                Conj/Fire      1%         8x6d3     100%        6
 Statue Form              Tmut/Erth      2%         N/A       100%        6
 Dragon Form              Tmut           1%         N/A       100%        7
 Ignition                 Fire           1%         3d3       100%        8


Dungeon Overview and Level Annotations

Branches:
Dungeon (15/15)            Temple (1/1) D:5            Lair (6/6) D:10
  Swamp (0/4) Lair:4       Spider (4/4) Lair:4        Slime (0/5) Lair:5
    Orc (2/2) D:12            Elf (0/3) Orc:2        Vaults (3/5) D:14
  Crypt (0/3) Vaults:2     Depths (4/5) D:15          Sewer (visited)
Ossuary (visited)          Bailey (visited)         Gauntlet (visited)

Altars:
Ashenzari
Cheibriados
Dithmenos
Elyvilon
Fedhas
Gozag
Hepliaklqana
Kikubaaqudgha
Makhleb
Nemelex Xobeh
Okawaru
Qazlal
Ru
Sif Muna
Trog
Uskayaw
Vehumet
Wu Jian
Xom
Yredelemnul
Zin
The Shining One
Beogh
Jiyva

Shops:
D:9 *   D:10 (   Orc:2 [![(

Portals:
Hell: Depths:1 Depths:3 Depths:4
Abyss: Depths:4
Ziggurat: Depths:4


Innate Abilities, Weirdness & Mutations

You are small and have problems with some larger weapons.
You are completely attuned to the shadows.
Your mind is acute. (Int +2)
Your flesh is cold resistant. (rC+)
Your muscles are strong. (Str +2)
You expend magic power (3 MP) to strengthen your wands.


Message History

Aiming: Line Pass
Press: ? - help, Dir - move target, f - ironbound preserver
Aim: an ironbound preserver, wielding a +0 morningstar and wearing a +0 leather armour
Okay, then.
Okay, then.
Okay, then.
Okay, then.
Blink to where?
Press: ? - help, Dir - move target
As you read the scroll of blinking, it crumbles to dust.
The centaur warrior unwields a +0 longbow.
The centaur warrior completely misses you.
The centaur warrior closely misses you.
You can no longer pass through a line of other dancers.
You puncture the tengu reaver!
The tengu reaver is moderately wounded.
Unknown command.
You impale the centaur warrior!!
You kill the centaur warrior!
The tengu reaver hits you with a +1 vorpal great mace!
* * * LOW HITPOINT WARNING * * *
x2 The tengu reaver completely misses you.
The tengu reaver misses you. The deep troll bites you.
* * * LOW HITPOINT WARNING * * *
You block the deep troll's attack. x2
The great orb of eyes pulsates ominously.
You can now pass through a line of other dancers.
The vault sentinel blows a loud note on a signal horn!
The ironbound frostheart calls freezing cold from the walls.
The frost grips you! You partially resist.
* * * LOW HITPOINT WARNING * * *
You are encased in ice.
Unknown command.
The ironbound frostheart calls freezing cold from the walls.
The frost grips you! You partially resist.
* * * LOW HITPOINT WARNING * * *
A deep troll comes into view.
The tengu reaver hits you with a +1 vorpal great mace!!
You die...

#......... #........#
#[.......#......#
#........#......#
#........#......#
#........#..<...#
#........#......#.....
#........#......#.....
#........###@####.....^..
#..........GQT...............
#.......T.T..................
+.......T.p.p....)...........
#...T...pT.p.p.:.............
#...T.T...............)......
+....p..§...........†)†......
######'#################'####
#...........# .#.#..p#.


You could see 2 ironbound preservers, a tengu reaver, a great orb of eyes, 2
ironbound frosthearts, 5 deep trolls and a vault sentinel (catching breath).

Vanquished Creatures
  A juggernaut (Depths:3)
  Saint Roka (Depths:2)
  The ghost of Eluum the Fencer, a veteran GnWn of Qazlal (Depths:4)
  2 golden dragons (Depths:4)
  A bone dragon (Vaults:2)
  Arachne (Spider:2)
  A lich (Depths:2)
  A tentacled monstrosity (Depths:4)
  10 titans
  2 deep elf master archers (Spider:3)
  Asterion (Spider:3)
  4 deep elf blademasters
  A sphinx (Depths:3)
  The ghost of Tonitid the Black Belt, an adept DjTm of Okawaru (Spider:2)
  Donald (Spider:4)
  A tengu reaver (Depths:2)
  A shadow dragon (Depths:4)
  The ghost of Lofupn the Imperceptible, an adept SpEn of Wu Jian (Vaults:2)
  The ghost of Hipp the Severer, a journeyman NaBe of Trog (D:15)
  The ghost of Lad Uromn the Nimble, an adept DjFE of Hepliaklqana (Spider:1)
  10 orc warlords
  An iron dragon (Depths:4)
  14 fire giants
  A deep elf sorcerer (Spider:4)
  3 emperor scorpions
  3 vault wardens (Vaults:1)
  7 ghost moths
  13 frost giants
  A spriggan defender (Depths:4)
  7 ironbound preservers
  2 war gargoyles (Vaults:1)
  8 very ugly things
  12 stone giants
  A vampire knight (Depths:4)
  3 entropy weavers
  2 purple draconians (Vaults:1)
  3 minotaurs
  A green draconian (Spider:3)
  A yellow draconian (Vaults:1)
  A white draconian (Spider:3)
  2 red draconians
  The ghost of PejaSLU the Cleaver, a journeyman MiBe of Trog (Orc:2)
  4 spark wasps
  2 eidola (Vaults:2)
  5 merfolk javelineers
  3 dire elephants
  A crystal guardian (Vaults:1)
  6 ettins
  2 fire dragons
  3 jiangshi (Depths:2)
  5 yaktaur captains
  Harold (Lair:1)
  5 merfolk impalers
  4 vault guards
  10 great orbs of eyes
  A hell beast (Depths:1)
  12 hydras
  3 rakshasas
  3 ice dragons
  3 naga warriors (Spider:3)
  9 boulder beetles
  2 ironbound thunderhulks
  A peacekeeper (Vaults:1)
  15 centaur warriors
  A catoblepas (Lair:6)
  6 ironbound frosthearts
  2 two-headed ogres
  2 spriggan air magi
  3 hell hogs
  3 vampire magi
  8 tengu warriors
  2 deep troll shamans
  4 ironbound beastmasters
  2 deep troll earth magi
  Urug (Lair:2)
  4 deep elf knights
  2 soul eaters
  A shadow wraith (Vaults:2)
  4 iron trolls
  3 glowing orange brains
  A quicksilver dragon simulacrum (Depths:2)
  32 deep trolls
  9 deep elf archers
  Pikel (D:8)
  10 orc knights
  3 wizards
  10 ironbound convokers
  A harpy (Vaults:1)
  2 phantasmal warriors (Vaults:2)
  3 lindwurms
  19 orb spiders
  A tengu zombie (Depths:2)
  4 necromancers
  A spectral wolf spider (Spider:2)
  5 deep elf pyromancers
  30 wolf spiders
  A frost giant zombie (Depths:2)
  33 ugly things
  An iron dragon zombie (Depths:2)
  5 deep elf zephyrmancers
  4 orc sorcerers
  3 manticores
  A human zombie (Vaults:1)
  5 cyclopes
  6 vault sentinels
  4 moths of wrath
  9 elephants
  A naga mage (Spider:3)
  A torpor snail (shapeshifter) (Depths:4)
  3 torpor snails
  A fire giant skeleton (Vaults:1)
  27 cane toads
  2 gargoyles (D:11)
  4 black mambas
  2 rime drakes
  Maggie (D:7)
  An efreet (D:15)
  A hellion (Depths:4)
  5 yaktaurs (Vaults:2)
  10 trolls
  3 tengu conjurers
  A queen bee (Gauntlet)
  6 komodo dragons
  9 demonic crawlers
  A spectral jumping spider (Spider:2)
  3 polar bears
  44 jumping spiders
  4 tyrant leeches (Lair:6)
  31 merfolk
  A wind drake (shapeshifter) (D:13)
  3 spectral tarantellas (Spider:2)
  3 wolf spider simulacra
  31 blink frogs
  15 slime creatures
  9 hornets
  4 dream sheep (Lair:6)
  A human simulacrum (Vaults:1)
  A stone giant simulacrum (Depths:2)
  4 shadows
  9 water elementals
  Sigmund (D:3)
  2 wraiths
  112 redbacks
  3 wyverns
  49 yaks
  45 tarantellas
  5 large abominations (Gauntlet)
  2 basilisks
  A steam dragon (D:8)
  10 vampire mosquitoes
  Grum (D:8)
  7 neqoxecs (D:15)
  An emperor scorpion simulacrum (Spider:2)
  8 small abominations (Gauntlet)
  Edmund (D:6)
  A spectral orb spider (Spider:2)
  A water moccasin (shapeshifter) (Depths:3)
  3 nagas (Spider:3)
  3 wargs
  Duvessa (D:4)
  23 water moccasins
  A spectral hornet (Spider:2)
  A jumping spider simulacrum (Spider:2)
  63 orc warriors
  2 ice beasts (D:5)
  An ettin simulacrum (Vaults:1)
  A hornet zombie (D:7)
  3 necrophages
  A black bear (D:8)
  8 centaurs
  4 ogres
  13 wolves
  25 bullfrogs
  5 kobold brigands
  2 gnoll sergeants
  Dowan (D:4)
  A water moccasin zombie (Ossuary)
  A hornet simulacrum (Spider:2)
  A water moccasin skeleton (D:4)
  7 killer bees
  11 wights
  2 electric eels
  9 howler monkeys
  6 centaur zombies
  3 quasits (D:15)
  2 bullfrog zombies (D:5)
  28 orc priests
  2 hounds
  4 jellies
  A gnoll shaman (D:4)
  2 iguanas
  Ijyb (D:4)
  32 orc wizards
  A scorpion zombie (D:5)
  2 mummies (Ossuary)
  Robin (D:4)
  33 gnolls
  4 adders
  6 river rats (Sewer)
  2 white imps (D:7)
  2 adder zombies (Ossuary)
  An adder skeleton (D:4)
  3 worms
  3 dart slugs
  137 orcs
  10 ball pythons
  6 endoplasms
  5 giant cockroaches
  3 gnoll zombies (Ossuary)
  28 goblins
  19 hobgoblins
  21 jackals
  24 kobolds
  8 quokkas
  4 bats
  8 frilled lizards
  6 hobgoblin zombies (Ossuary)
  2 kobold zombies (Ossuary)
  7 orc zombies (Ossuary)
  25 rats
1620 creatures vanquished.

Vanquished Creatures (collateral kills)
  An ironbound preserver (Vaults:3)
  An orc sorcerer (Depths:2)
  An orc warrior (Depths:2)
  4 orcs (Depths:2)
7 creatures vanquished.

Vanquished Creatures (others)
  A very ugly thing (Depths:2)
  A boulder beetle (D:14)
  A centaur warrior (Spider:3)
  3 deep elf knights
  A deep elf zephyrmancer (Spider:2)
  4 jumping spiders
  A merfolk (Spider:4)
  A tarantella (Spider:4)
  A warg (Spider:4)
  An orc warrior (Spider:3)
  An orc wizard (D:6)
  2 orcs
  42 fungi
  135 plants
195 creatures vanquished.

Grand Total: 1822 creatures vanquished

Notes
Turn   | Place    | Note
-------+----------+-------------------------------------------
     0 | D:1      | Renjy the Kobold Gladiator began the quest for the Orb.
     0 | D:1      | Reached XP level 1. HP: 12/12 MP: 1/1
    41 | D:1      | Reached skill level 1 in Stealth
   283 | D:1      | Reached XP level 2. HP: 17/17 MP: 2/2
   296 | D:1      | Found a faded altar of an unknown god.
   492 | D:1      | Reached XP level 3. HP: 14/21 MP: 3/3
  1511 | D:2      | Reached XP level 4. HP: 26/26 MP: 4/4
  1990 | D:3      | Reached skill level 5 in Stealth
  2395 | D:3      | Noticed Sigmund
  2399 | D:3      | Killed Sigmund
  2400 | D:3      | Reached XP level 5. HP: 30/30 MP: 5/5
  2400 | D:3      | Reached XP level 6. HP: 35/35 MP: 6/6
  2961 | D:4      | Reached skill level 5 in Short Blades
  2961 | D:4      | Reached XP level 7. HP: 35/41 MP: 7/7
  3070 | D:4      | Reached skill level 4 in Dodging
  3179 | D:4      | Noticed Duvessa
  3179 | D:4      | Noticed Dowan
  3422 | D:4      | Killed Duvessa
  3436 | D:4      | Killed Dowan
  3483 | D:4      | Noticed Robin
  3497 | D:4      | Killed Robin
  3893 | D:4      | Reached XP level 8. HP: 48/48 MP: 8/8
  4290 | D:4      | Reached skill level 5 in Dodging
  4715 | D:4      | Reached skill level 5 in Fighting
  5795 | D:4      | Reached skill level 6 in Dodging
  5947 | D:4      | Noticed Ijyb
  5959 | D:4      | Killed Ijyb
  6164 | D:5      | Entered Level 5 of the Dungeon
  6408 | D:5      | Reached XP level 9. HP: 55/55 MP: 9/9
  6633 | D:5      | Found a staircase to the Ecumenical Temple.
  6649 | Temple   | Entered the Ecumenical Temple
  6655 | Temple   | Became a worshipper of Warmaster Okawaru
  6911 | D:6      | Reached skill level 7 in Dodging
  6970 | D:6      | Found a glowing drain.
  6976 | Sewer    | Entered a sewer
  8212 | D:6      | You fall into a shaft and drop 1 floor!
  8324 | D:7      | Noticed Maggie
  8335 | D:7      | Killed Maggie
  8335 | D:7      | Reached * piety under Okawaru
  8336 | D:7      | Reached skill level 8 in Dodging
  8637 | D:7      | Identified the +1 helmet "Purchaebo" {*Corrode rElec Int+4}
  8816 | D:7      | Reached skill level 10 in Short Blades
  8816 | D:7      | Reached XP level 10. HP: 64/64 MP: 10/10
  8966 | D:7      | Reached ** piety under Okawaru
  9426 | D:7      | Gained mutation: You are frail. (-10% HP) [potion of
                  | mutation]
  9426 | D:7      | Gained mutation: You expend magic power (3 MP) to
                  | strengthen your wands. [potion of mutation]
  9426 | D:7      | Gained mutation: You have a pair of small antennae on your
                  | head. [potion of mutation]
  9467 | D:7      | Lost mutation: You are frail. (-10% HP) [potion of
                  | mutation]
  9467 | D:7      | Lost mutation: You have a pair of small antennae on your
                  | head. [potion of mutation]
  9467 | D:7      | Gained mutation: Your mind is acute. (Int +2) [potion of
                  | mutation]
  9467 | D:7      | Gained mutation: You are weak. (Str -2) [potion of
                  | mutation]
  9468 | D:7      | Lost mutation: You are weak. (Str -2) [potion of mutation]
  9468 | D:7      | Lost mutation: You expend magic power (3 MP) to strengthen
                  | your wands. [potion of mutation]
  9468 | D:7      | Gained mutation: Your mind is very acute. (Int +4) [potion
                  | of mutation]
  9468 | D:7      | Gained mutation: Your muscles are strong. (Str +2) [potion
                  | of mutation]
  9468 | D:7      | Gained mutation: You evolve. [potion of mutation]
  9525 | D:8      | Reached skill level 1 in Polearms
  9526 | D:8      | Noticed Grum
  9790 | D:8      | Found a sand-covered staircase.
  9796 | Ossuary  | Entered an ossuary
  9835 | Ossuary  | Reached skill level 1 in Shields
 10320 | D:8      | Killed Grum
 10506 | D:8      | Reached *** piety under Okawaru
 10658 | D:8      | Noticed Pikel
 10672 | D:8      | Killed Pikel
 10922 | D:9      | Reached **** piety under Okawaru
 10931 | D:9      | Lost mutation: Your mind is very acute. (Int +4)
                  | [evolution]
 11133 | D:9      | Identified the +1 chain mail of the Blue Skies {Regen+
                  | Str+3 Stlth-}
 11147 | D:9      | Reached skill level 1 in Invocations
 11204 | D:9      | Found Ocroy's Assorted Antiques.
 11211 | D:9      | Bought a potion of might for 108 gold pieces
 11283 | D:9      | Reached XP level 11. HP: 53/68 MP: 10/12
 11288 | D:9      | Reached ***** piety under Okawaru
 11289 | D:9      | Reached skill level 5 in Polearms
 11345 | D:9      | Received a gift from Okawaru
 11566 | D:9      | Reached skill level 5 in Invocations
 11640 | D:9      | Found a basalt altar of Yredelemnul.
 11643 | D:9      | Found a shimmering blue altar of Sif Muna.
 11647 | D:9      | Found an ornate altar of the Wu Jian Council.
 11742 | D:9      | Found an ancient bone altar of Kikubaaqudgha.
 12009 | D:10     | Entered Level 10 of the Dungeon
 12038 | D:10     | Found a staircase to the Lair.
 12066 | D:10     | Found Cetsua's Weapon Shop.
 12073 | D:10     | Bought 2 atropa-tipped darts for 19 gold pieces
 12128 | D:10     | Found a white marble altar of Elyvilon.
 12483 | D:10     | Identified the +0 ring mail of the Doldrums {rF+ Will+}
                  | (Okawaru gifted it to you on level 10 of the Dungeon)
 12483 | D:10     | Received a gift from Okawaru
 13409 | D:11     | Noticed a boulder beetle
 13426 | D:11     | Killed a boulder beetle
 13445 | D:11     | Reached XP level 12. HP: 42/74 MP: 17/17
 13778 | D:11     | Found a flagged portal.
 13825 | D:11     | Identified the +10 hand axe "Bitouleop" {vorpal, rF+ Str-5
                  | SInv}
 13828 | Bailey   | Entered a bailey
 14160 | Bailey   | Received a gift from Okawaru
 14208 | Bailey   | Noticed an orc warlord
 14259 | Bailey   | Killed an orc warlord
 14306 | Bailey   | Identified the +4 scimitar "Fuluutar" {protect, +Blink
                  | Will- rCorr Str+7}
 14381 | Bailey   | Identified the +10 spear of the Wilderness {vorpal, rF+
                  | rC+}
 14855 | D:11     | Reached ****** piety under Okawaru
 14855 | D:11     | Received a gift from Okawaru
 15466 | D:12     | Reached skill level 10 in Invocations
 15521 | D:12     | Gained mutation: You expend magic power (3 MP) to
                  | strengthen your wands. [evolution]
 15602 | D:12     | Found a staircase to the Orcish Mines.
 16434 | Lair:1   | Entered Level 1 of the Lair of Beasts
 16451 | Lair:1   | Noticed a six-headed hydra
 16459 | Lair:1   | Killed a six-headed hydra
 16460 | Lair:1   | Reached XP level 13. HP: 64/78 MP: 20/20
 16738 | Lair:1   | Reached XP level 14. HP: 84/84 MP: 21/21
 16739 | Lair:1   | Reached skill level 11 in Dodging
 16739 | Lair:1   | Reached XP level 15. HP: 88/88 MP: 22/22
 16891 | Lair:1   | Noticed Harold
 16907 | Lair:1   | Killed Harold
 16907 | Lair:1   | Received a gift from Okawaru
 16963 | Lair:1   | Received a gift from Okawaru
 18256 | Lair:2   | Found a sparkling altar of Nemelex Xobeh.
 18747 | Lair:2   | Noticed Urug
 18759 | Lair:2   | Killed Urug
 18759 | Lair:2   | Received a gift from Okawaru
 19831 | Lair:3   | Reached skill level 10 in Throwing
 20197 | Lair:4   | Found a hole to the Spider Nest.
 20281 | Lair:4   | Found a staircase to the Swamp.
 21332 | Lair:5   | Found a staircase to the Slime Pits.
 21369 | Lair:5   | Received a gift from Okawaru
 21475 | Lair:5   | Received a gift from Okawaru
 21512 | Lair:5   | Found a viscous altar of Jiyva.
 21608 | Lair:5   | Reached skill level 10 in Fighting
 21938 | Lair:5   | Received a gift from Okawaru
 22378 | Lair:5   | Gained mutation: Your flesh is cold resistant. (rC+)
                  | [evolution]
 22378 | Lair:5   | Lost mutation: You evolve. [end of evolution]
 22454 | Lair:6   | Entered Level 6 of the Lair of Beasts
 22595 | Lair:6   | Reached XP level 16. HP: 99/99 MP: 23/23
 22799 | Lair:6   | Received a gift from Okawaru
 23610 | Lair:6   | Identified the +0 hat "Bicudumo" {Fly Regen+ Int-3 Slay+5}
                  | (Okawaru gifted it to you on level 6 of the Lair of Beasts)
 23610 | Lair:6   | Received a gift from Okawaru
 23733 | Lair:6   | Identified the Handbook of Flying Creation
 23760 | Lair:6   | Identified the +8 quarterstaff "Ajooz" {flame, Dex+3}
 24283 | Orc:1    | Entered Level 1 of the Orcish Mines
 24862 | Orc:2    | Entered Level 2 of the Orcish Mines
 25319 | Orc:2    | Found a staircase to the Elven Halls.
 25419 | Orc:2    | Found Vufobif's Armour Shoppe.
 25542 | Orc:2    | Noticed PejaSLU's ghost (journeyman MiBe)
 25613 | Orc:2    | Found Amoaxt's Antique Weapon Boutique.
 25615 | Orc:2    | Found Awunoodo's Antique Armour Shop.
 25641 | Orc:2    | Bought a glowing rapier for 217 gold pieces
 25670 | Orc:2    | Reached skill level 15 in Short Blades
 25818 | Orc:2    | Found a runed translucent gate.
 25819 | Orc:2    | Found a runed translucent gate.
 25819 | Orc:2    | Found an opulent altar of Gozag.
 25821 | Orc:2    | Found a runed translucent gate.
 25863 | Orc:2    | Killed PejaSLU's ghost
 26101 | Orc:2    | Found Hyjid's Distillery.
 26106 | Orc:2    | Bought a potion of resistance for 130 gold pieces
 26106 | Orc:2    | Bought a potion of resistance for 130 gold pieces
 26300 | D:13     | Found a gate leading to a gauntlet.
 26310 | Gauntlet | Entered a Gauntlet
 26314 | Gauntlet | Found a transporter.
 26365 | Gauntlet | Found a transporter.
 26409 | Gauntlet | Found a transporter.
 26409 | Gauntlet | Found a transporter.
 26423 | Gauntlet | Found a transporter.
 26474 | Gauntlet | Found a transporter.
 26496 | Gauntlet | Found the +7 pair of quick blades "Gyre" and "Gimble"
                  | {protect}
 26498 | Gauntlet | Found a transporter.
 26498 | Gauntlet | Found a transporter.
 26795 | Gauntlet | Identified the amulet "Vauqas" {Faith +Inv Stlth+}
 26795 | Gauntlet | Identified Cuwn's Tome of Lightness and Execration
 27013 | D:13     | Received a gift from Okawaru
 27059 | D:13     | Reached XP level 17. HP: 101/109 MP: 21/24
 27937 | D:14     | Found a gate to the Vaults.
 28212 | D:14     | Received a gift from Okawaru
 28480 | D:14     | Received a gift from Okawaru
 28813 | D:15     | Entered Level 15 of the Dungeon
 28893 | D:15     | Reached skill level 1 in Armour
 28962 | D:15     | Reached skill level 12 in Dodging
 29078 | D:15     | Identified the +0 leather armour of the Little Devil
                  | {Int+3}
 29154 | D:15     | Received a gift from Okawaru
 29330 | D:15     | Found a transporter.
 29339 | D:15     | Received a gift from Okawaru
 29350 | D:15     | Noticed Hipp's ghost (journeyman NaBe)
 29403 | D:15     | Found a transporter.
 29414 | D:15     | Killed Hipp's ghost
 29420 | D:15     | Identified the ring of Zumevete {*Corrode rF++ Str+8 Dex+6
                  | Stlth-}
 29506 | D:15     | Found a staircase to the Depths.
 29722 | D:15     | Reached skill level 13 in Dodging
 30123 | Depths:1 | Entered Level 1 of the Depths
 30237 | Depths:1 | Reached XP level 18. HP: 95/116 MP: 25/25
 30243 | Depths:1 | Found a gateway to Hell.
 30267 | Depths:1 | Received a gift from Okawaru
 30323 | Depths:1 | Reached skill level 5 in Armour
 30593 | Depths:1 | Reached skill level 14 in Dodging
 31139 | Depths:1 | Identified the +3 war axe "Mungauryme" {freeze, rElec rC-
                  | Dex+4}
 31174 | Depths:2 | Noticed Saint Roka
 31212 | Depths:2 | Killed Saint Roka
 31225 | Depths:2 | Received a gift from Okawaru
 31302 | Depths:2 | Noticed a lich
 31317 | Depths:2 | Killed a lich
 31318 | Depths:2 | Reached skill level 15 in Dodging
 31427 | Depths:2 | Received a gift from Okawaru
 31542 | Depths:2 | Reached skill level 16 in Dodging
 31617 | Depths:2 | Paralysed by a vampire knight for 3 turns
 31663 | Depths:3 | Noticed a juggernaut
 31693 | Depths:3 | Killed a juggernaut
 31693 | Depths:3 | Received a gift from Okawaru
 31694 | Depths:3 | Reached skill level 17 in Dodging
 31694 | Depths:3 | Reached XP level 19. HP: 119/122 MP: 19/26
 31735 | Depths:4 | Found a large runed translucent door.
 31736 | Depths:4 | Found a large runed translucent door.
 31949 | Depths:4 | Noticed a golden dragon
 31972 | Depths:4 | Killed a golden dragon
 31979 | Depths:4 | Reached skill level 18 in Dodging
 32020 | Depths:4 | Found a gateway to a ziggurat.
 32034 | Depths:4 | Found a one-way gate to the infinite horrors of the Abyss.
 32071 | Depths:4 | Received a gift from Okawaru
 32218 | Depths:4 | Noticed a tentacled monstrosity
 32218 | Depths:4 | Noticed a golden dragon
 32233 | Depths:4 | Killed a tentacled monstrosity
 32252 | Depths:4 | Killed a golden dragon
 32253 | Depths:4 | Reached skill level 19 in Dodging
 32265 | Depths:4 | Identified a scroll of acquirement
 32265 | Depths:4 | Acquired the amulet of Vitality {Regen+ HP+15}
 32266 | Depths:4 | Found the amulet of Vitality {Regen+ HP+15}
 32778 | Depths:4 | Acquired 791 gold pieces
 33123 | Depths:4 | Noticed Eluum's ghost (veteran GnWn)
 33155 | Depths:4 | Killed Eluum's ghost
 33389 | Depths:3 | Reached skill level 20 in Dodging
 33906 | D:9      | Found a stormy altar of Qazlal.
 33906 | D:9      | Found a snail-covered altar of Cheibriados.
 34183 | D:6      | Noticed Edmund
 34188 | D:6      | Killed Edmund
 35287 | Temple   | Fell from the grace of Okawaru
 35287 | Temple   | Became a worshipper of Uskayaw the Reveller
 35553 | Spider:1 | Entered Level 1 of the Spider Nest
 35590 | Spider:1 | Reached * piety under Uskayaw
 35594 | Spider:1 | Reached ** piety under Uskayaw
 35600 | Spider:1 | Reached *** piety under Uskayaw
 35604 | Spider:1 | Reached **** piety under Uskayaw
 35622 | Spider:1 | Reached skill level 15 in Fighting
 35656 | Spider:1 | Reached ***** piety under Uskayaw
 35677 | Spider:1 | Reached ****** piety under Uskayaw
 35678 | Spider:1 | Reached XP level 20. HP: 129/129 MP: 1/27
 36833 | Spider:1 | Found a runed translucent door.
 36835 | Spider:1 | Noticed Lad Uromn's ghost (adept DjFE)
 36851 | Spider:1 | Killed Lad Uromn's ghost
 36962 | Spider:1 | HP: 7/216 [frost giant/bolt of cold[the fury of Okawaru]
                  | (8)]
 37247 | Spider:2 | Noticed Arachne
 37255 | Spider:2 | Killed Arachne
 37271 | Spider:2 | Found a runed translucent gate.
 37333 | Spider:2 | Found a runed translucent gate.
 37334 | Spider:2 | Found a runed translucent gate.
 37417 | Spider:2 | Noticed Tonitid's ghost (adept DjTm)
 37429 | Spider:2 | Killed Tonitid's ghost
 37996 | Spider:3 | Noticed Asterion
 38007 | Spider:3 | Killed Asterion
 39618 | Spider:3 | Reached skill level 15 in Invocations
 39976 | Spider:3 | Learned a level 5 spell: Silence
 39983 | Spider:3 | Learned a level 6 spell: Invisibility
 39987 | Spider:3 | Learned a level 3 spell: Dazzling Flash
 39996 | Spider:4 | Entered Level 4 of the Spider Nest
 40112 | Spider:4 | Reached XP level 21. HP: 134/134 MP: 28/32
 40341 | Spider:4 | Noticed Donald
 40351 | Spider:4 | Killed Donald
 40884 | Spider:4 | Paralysed by an orc sorcerer for 2 turns
 42777 | Spider:4 | Got a gossamer rune of Zot
 43194 | Vaults:1 | Entered Level 1 of the Vaults
 43587 | Vaults:1 | Identified the ring of the Philosopher {rElec rC+ Int+2}
 44557 | Vaults:1 | Was forgiven by Okawaru
 45412 | Vaults:1 | Reached XP level 22. HP: 140/140 MP: 35/35
 45701 | Vaults:2 | Learned a level 3 spell: Swiftness
 45799 | Vaults:2 | Noticed a bone dragon
 45807 | Vaults:2 | Killed a bone dragon
 45808 | Vaults:2 | Reached skill level 1 in Spellcasting
 45808 | Vaults:2 | Reached skill level 1 in Hexes
 45808 | Vaults:2 | Reached skill level 1 in Air Magic
 46290 | Vaults:2 | Found a runed translucent gate.
 46290 | Vaults:2 | Found a runed translucent gate.
 46290 | Vaults:2 | Found a runed translucent gate.
 46692 | Vaults:2 | Found a staircase to the Crypt.
 46733 | Vaults:2 | Noticed Lofupn's ghost (adept SpEn)
 46789 | Vaults:2 | Killed Lofupn's ghost
 46837 | Vaults:2 | Identified the +2 pair of gloves "Opnamot" {rPois Int+3}
 46957 | Vaults:3 | Upgraded the game from 0.27-a0-1196-g3e9cee4cb2 to
                  | 0.27-a0-1200-g94dc6ad4cf
 47077 | Vaults:3 | Reached skill level 5 in Air Magic
 47078 | Vaults:3 | Reached skill level 5 in Hexes
 47079 | Vaults:3 | Reached skill level 5 in Spellcasting
 47095 | Vaults:3 | Paralysed by a great orb of eyes for 3 turns
 47104 | Vaults:3 | HP: 4/155 [ironbound frostheart/frost (20)]
 47110 | Vaults:3 | Demolished by a tengu reaver

Illustrated notes

Levels and vault maps discovered:
D:1:      erik_arrival_blinker_ship, layout_rooms,
          hellmonk_ecumenical_altar_heavens_door,
          minmay_misc_feat_secret_circle, minmay_pentomino_u2
D:2:      minmay_general_purpose_star, layout_basic
D:3:      layout_basic, minmay_misc_feat_diagonals, uniq_sigmund
D:4:      lemuel_castle_with_subvaults [lemuel_castle_interior_carwin_1],
          layout_basic, lexackson_kobold_supper, uniq_ijyb, uniq_duvessa,
          uniq_robin
D:5:      wander_river, layout_cave_pools, minmay_temple_entry_statues
D:6:      layout_cave_pods, portal_sewer_entry_d, uniq_edmund
D:7:      layout_basic, uniq_maggie
D:8:      layout_loops_ring, chequers_ossuary_entry_cave, uniq_grum, uniq_pikel
D:9:      layout_rooms, nicolae_overflow_hidden_temple,
          grunt_temple_overflow_open, serial_shops, nicolae_shop_waterfront
D:10:     layout_stronghold, amcnicky_altar_gilded, lair_entry_dummy,
          serial_shops, nicolae_shop_stone, minmay_diced_spiral
D:11:     layout_loops_corners, enter_bailey_2, serial_park_tiny_2
D:12:     layout_loops_corners, erik_orc_4
D:13:     layout_gridville, gauntlet_entry_generic
D:14:     layout_big_octagon, lightli_vaults_fourway_checkpoint
D:15:     hangedman_depths_entry_civil_slaughter, layout_loops_ring,
          gammafunk_ghost_stat_death, chequers_big_river
Temple:   eino_wide_crystal_templ
Lair:1:   layout_cellular_growth, grunt_megastairs_4, serial_bayou_shore_b,
          infiniplex_staircase_pool, uniq_harold
Lair:2:   layout_layer_cave, basic_altar, infiniplex_staircase_pool_2,
          serial_bayou_shore_b, uniq_urug
Lair:3:   layout_regular_city, serial_rivers, chequers_serial_rivers_marsh,
          chequers_serial_rivers_large_a, chequers_serial_rivers_small_b,
          chequers_serial_rivers_micro_e, st_stairs_6
Lair:4:   layout_roguey, minmay_swamp_entry_reptiles,
          nicolae_spider_entry_orb_guardian, serial_bayou_pond_a
Lair:5:   layout_long_grid, slime_altar_1, small_statue_intersection
Lair:6:   minmay_lair_end_frog_pond, layout_long_grid
Spider:1: layout_chambers, ebering_ghost_inner_flame,
          nicolae_spider_not_touching_you
Spider:2: layout_spider_delve, gammafunk_ghost_necromancy, uniq_arachne
Spider:3: layout_spider_delve, nicolae_spider_spiderdrome, uniq_asterion
Spider:4: spider_rune_water, uniq_donald
Orc:1:    layout_caves, minmay_orc_keep
Orc:2:    grunt_orc_community_town_hall, layout_caves,
          grunt_orc_community_big_house_1, grunt_orc_community_big_house_2,
          grunt_orc_community_house_3, grunt_orc_community_house_2,
          grunt_orc_community_house_3, grunt_orc_community_house_3,
          grunt_orc_community_house_2, ebering_ghost_gozag,
          nicolae_orc_flooded_monolith
Vaults:1: vaults_dpeg_diagonal, ontoclasm_vaults_chip, dpeg_vaults_monster_box,
          ontoclasm_vaults_hangar, v_alt_pattern_5, nicolae_vaults_rhombus_6,
          v_misc_15, v_misc_10, ontoclasm_vaults_eye, layout_vaults_omnigrid
Vaults:2: gammafunk_vaults_ghost_spectres, v_pattern_4,
          minmay_crypt_entry_nasty_monster, nicolae_vaults_asterisk,
          nicolae_vaults_network_s, v_alt_pattern_3, vaults_mumra_chevron_long,
          ontoclasm_vaults_loading_screen, v_alt_pattern_6, vaults_dpeg_hooks,
          vaults_room_boxed, nicolae_vaults_three_branches,
          nicolae_vaults_rhombus_5, vaults_room_stairs_pillars,
          layout_vaults_maze_snakey
Vaults:3: v_misc_33, vaults_room_fancy_cross, vaults_mumra_minichess_inversion,
          hangedman_vaults_corner_blocks, v_misc_13, hangedman_vaults_hat,
          ontoclasm_vaults_pinch, hangedman_vaults_nails, v_pattern_2,
          v_alt_pattern_6, vaults_dpeg_ring, layout_vaults_big_room, uniq_sojobo
Depths:1: layout_cave_pools, grunt_mini_vestibule, dk_noncrumbling_2,
          kennysheep_generic_room_10
Depths:2: nzn_winding_woodlands_stair_cross [nzn_winding_woodlands_5x15_default,
          nzn_winding_woodlands_center_pierced_h,
          nzn_winding_woodlands_5x15_cabin, nzn_winding_woodlands_5x5_default,
          nzn_winding_woodlands_5x5_default,
          nzn_winding_woodlands_5x15_concentric,
          nzn_winding_woodlands_center_garden,
          nzn_winding_woodlands_5x15_default], layout_cave_shapes,
          minmay_room_of_horrors, rand_demon_pan_entry_7,
          grunt_hell_entry_dis_old, roderic_lattice_a,
          nicolae_uskayaw_en_pointe, uniq_saint_roka
Depths:3: kennysheep_funnel, layout_gridville, grunt_pan_entry_sceptre,
          pf_vacation_house_of_asmodeus, hex_medium,
          nicolae_tso_swordbearing_angel, infiniplex_staircase_zigzag_5
Depths:4: minmay_glassy_protrusions, layout_gridlike, enter_ziggurat_d,
          hellmouth_1, abyss_entry, ebering_ghost_disaster_area

Skill      XL: |  1  2  3  4  5  6  7  8  9 10 11 12 13 14 15 16 17 18 19 20 21 22 |
---------------+-------------------------------------------------------------------+-----
Stealth        | 2 3 4 8 9 12 14 | 14.2
Fighting       | 3 4 6 7 8 10 13 14 15 | 15.0
Short Blades   | 5 6 8 10 12 15 17 | 17.1
Dodging        | 4 6 8 11 13 17 20 | 20.1
Polearms       | 4 7 9 |  9.1
Shields        | 4 |  4.0
Invocations    | 1 7 10 15 19 | 19.3
Throwing       | 4 7 10 | 10.0
Armour         | 4 6 |  6.2
Spellcasting   | 5 |  5.1
Hexes          | 5 |  5.2
Air Magic      | 5 |  5.2

Action                   |  1- 3 |  4- 6 |  7- 9 | 10-12 | 13-15 | 16-18 | 19-21 | 22-24 || total
-------------------------+-------+-------+-------+-------+-------+-------+-------+-------++-------
Melee: Rapier            |    76 |    60 |   379 |     1 |     1 |     1 |    23 |     6 ||   547
       Lance             |       |       |    30 |   656 |   524 |  1724 |  2422 |   309 ||  5665
Throw: Throwing net      |       |       |     4 |       |       |       |       |       ||     4
       Dart              |       |       |    12 |    13 |     8 |    17 |    42 |       ||    92
Invok: Heroism           |       |       |       |     2 |     3 |    28 |     7 |       ||    40
       Finesse           |       |       |       |       |       |    14 |     2 |       ||    16
       Stomp             |       |       |       |       |       |       |     5 |     2 ||     7
       Grand Finale      |       |       |       |       |       |       |     2 |       ||     2
       Line Pass         |       |       |       |       |       |       |     2 |     2 ||     4
Evoke: Phantom mirror    |       |       |       |       |       |     1 |       |       ||     1
       Wand              |       |       |       |       |       |       |     2 |       ||     2
  Use: Scroll            |       |       |    12 |     7 |     6 |     7 |    19 |     1 ||    52
       Potion            |       |       |       |    11 |     2 |     2 |     4 |     1 ||    20
 Stab: Sleeping          |    13 |     7 |    31 |    50 |    32 |    65 |    69 |    14 ||   281
       Held in net/web   |       |       |     5 |       |       |       |     2 |       ||     7
       Distracted        |       |       |     2 |     4 |     3 |    13 |     5 |     1 ||    28
       Invisible         |       |       |       |     1 |     5 |    13 |    12 |       ||    31
       Petrified         |       |       |       |       |       |     3 |       |       ||     3
       Paralysed         |       |       |       |       |       |       |   127 |    36 ||   163
Armor: Leather armour    |     9 |    17 |    63 |       |       |       |       |       ||    89
       Steam dragon scal |       |       |    10 |   101 |       |       |       |       ||   111
       Troll leather arm |       |       |       |    49 |   100 |   195 |   362 |    42 ||   748
Dodge: Dodged            |    43 |    43 |   298 |   323 |   374 |   751 |  2516 |   252 ||  4600
Block: Buckler           |       |       |       |   177 |   168 |   398 |   908 |    91 ||  1742

Table legend: (Time is in decaauts)
 A = Elapsed time spent in this place.
 B = Non-inter-level travel time spent in this place.
 C = Inter-level travel time spent in this place.
 D = Time resting spent in this place.
 E = Time spent auto-exploring this place.
 F = Levels seen in this place.
 G = Mean time per level.
                   A        B        C        D        E       F      G
               +--------+--------+--------+--------+--------+-----+--------+
         Total |  45118 |  43341 |   1777 |   5720 |  25000 |  39 | 1156.9 |
       Dungeon |  19874 |  18866 |   1008 |   3362 |  10744 |  15 | 1324.9 |
        Temple |     95 |     88 |      7 |      0 |     58 |   1 |   95.0 |
          Lair |   7829 |   7343 |    486 |    618 |   5283 |   6 | 1304.8 |
   Spider Nest |   6331 |   6117 |    214 |    986 |   2822 |   4 | 1582.8 |
  Orcish Mines |   1733 |   1672 |     61 |      0 |   1114 |   2 |  866.5 |
        Vaults |   3680 |   3680 |      0 |    208 |   1998 |   3 | 1226.7 |
        Depths |   3226 |   3226 |      0 |    131 |   2041 |   4 |  806.5 |
         Sewer |    865 |    865 |      0 |    193 |    483 |   1 |  865.0 |
       Ossuary |    380 |    380 |      0 |    200 |      0 |   1 |  380.0 |
        Bailey |    622 |    622 |      0 |      0 |    272 |   1 |  622.0 |
      Gauntlet |    479 |    479 |      0 |     22 |    184 |   1 |  479.0 |
               +--------+--------+--------+--------+--------+-----+--------+

Top non-repeatable levels by time:
     D:4: 2954 daAuts
Vaults:1: 2252 daAuts
Spider:4: 1979 daAuts
Spider:1: 1658 daAuts
    D:10: 1619 daAuts
     D:7: 1539 daAuts
Spider:3: 1528 daAuts
  Lair:6: 1498 daAuts
  Lair:1: 1485 daAuts
  Lair:2: 1475 daAuts
Depths:4: 1400 daAuts
    D:11: 1389 daAuts
     D:3: 1383 daAuts
    D:15: 1324 daAuts
     D:6: 1316 daAuts
